Map: Abyssal Reef LE

Players

eXile - Winner!

  • Race: Zerg Zerg
  • League: Platinum
  • Spawn Location: 5:00

scott

  • Race: Terran Terran
  • League: Gold
  • Spawn Location: 11:00

VOD

Have the link to the VOD?

Description

Time

  • Played on: Aug. 13, 2017, 4:08 p.m.
  • Length: 15:48
Show
View Real Time Build Order
Export as new Build Order

eXile Zerg - Winner!

Build Orders: Hatch First 

Get SALT Encoding   

  12  0:02  Drone  
  13  0:13  Overlord  
  13  0:23  Drone  
  15  0:35  Drone x2  
  15  0:42  Drone  
  17  0:57  Hatchery  
  16  0:59  Drone  
  17  1:13  Drone  
  17  1:14  Extractor  
  17  1:20  Spawning Pool  
  17  1:22  Drone  
  17  1:25  Drone  
  18  1:38  Drone  
  19  1:41  Overlord  
  19  1:57  Drone  
  20  2:08  Queen  
  20  2:11  Zergling x4  
  20  2:12  Queen  
  26  2:16  Metabolic Boost  
  26  2:21  Drone x2  
  28  2:41  Drone x4  
  32  2:57  Drone x3  
  35  3:01  Hatchery  
  34  3:05  Overlord  
  34  3:10  Pneumatized Carapace  
  34  3:19  Spore Crawler  
  33  3:34  Zergling x6  
  33  3:35  Zergling x6  
  33  3:40  Baneling Nest, Evolution Chamber  
  37  3:43  Drone  
  37  3:44  Drone x3  
  41  4:03  Queen  
  41  4:05  Drone  
  41  4:09  Overlord  
  44  4:10  Overlord  
  44  4:14  Queen  
  44  4:16  Zerg Melee Weapons Level 1  
  46  4:26  Extractor  
  46  4:31  Baneling x2  
  45  4:38  Zergling x10  
  47  4:39  Zergling x8  
  47  4:41  Overlord  
  47  4:44  Baneling x2  
  54  5:02  Baneling  
  54  5:04  Baneling  
  54  5:13  Drone x4  
  58  5:15  Drone x4  
  58  5:16  Overlord  
  58  5:17  Zergling x2  
  58  5:18  Zergling x4  
  65  5:22  Baneling x2  
  65  5:29  Drone x6  
  65  5:30  Drone  
  72  5:36  Extractor  
  72  5:37  Lair, Extractor  
  70  5:48  Drone  
  70  5:49  Zergling x2, Drone x5  
  78  5:50  Zergling x2  
  74  6:12  Zerg Ground Armor Level 1  
  74  6:13  Zergling x8  
  74  6:14  Zergling x8  
  66  6:47  Baneling x6  
  66  6:48  Baneling x2  
  66  6:49  Zergling x14  
  66  6:50  Zergling x6  
  69  7:03  Overlord  
  69  7:04  Overlord x3  
  61  7:33  Zergling x8  
  61  7:34  Zergling x8  
  69  7:42  Hydralisk Den  
  68  7:56  Hatchery x2  
  66  7:59  Baneling x5  
  66  8:00  Baneling  
  66  8:01  Centrifical Hooks  
  66  8:08  Zerg Melee Weapons Level 2, Evolution Chamber, Drone x2  
  66  8:12  Hydralisk x3  
  71  8:13  Overlord x3  
  63  8:37  Hydralisk x6  
  63  8:38  Hydralisk x2  
  77  8:42  Overseer  
  77  8:43  Overseer  
  77  8:45  Overlord x2  
  77  8:59  Zerg Missile Weapons Level 1  
  77  9:01  Drone  
  77  9:02  Drone x4  
  82  9:07  Overseer  
  82  9:14  Hydralisk  
  82  9:15  Hydralisk x2  
  88  9:18  Drone x3  
  92  9:31  Drone x5  
  92  9:32  Drone x3  
  99  10:01  Drone x4  
  99  10:02  Extractor x2, Drone x6  
  99  10:03  Drone x4  
  111  10:16  Queen  
  113  10:22  Overseer  
  113  10:32  Overseer  
  113  10:34  Zerg Ground Armor Level 2  
  113  10:39  Infestation Pit  
  112  10:45  Hatchery  
  111  10:52  Queen  
  113  11:03  Hydralisk x3  
  113  11:04  Hydralisk x3, Zergling x8  
  118  11:05  Hydralisk x3, Zergling x8  
  118  11:06  Zergling x2  
  140  11:34  Queen  
  142  11:56  Zerg Missile Weapons Level 2  
  142  12:07  Hatchery  
  141  12:09  Muscular Augments  
  141  12:12  Hatchery  
  140  12:16  Evolution Chamber  
  139  12:23  Spore Crawler  
  139  12:25  Spine Crawler  
  139  12:26  Hive  
  139  12:27  Pathogen Glands  
  139  12:29  Infestor x5  
  143  12:30  Infestor  
  143  12:34  Burrow  
  149  12:47  Extractor  
  149  12:48  Extractor  
  147  12:58  Hatchery  
  146  13:01  Hydralisk x2  
  146  13:03  Overlord x3  
  146  13:04  Overlord x6  
  150  13:37  Drone x5  
  150  13:38  Drone x6  
  150  13:39  Drone  
  162  13:46  Spine Crawler  
  161  13:51  Adrenal Glands  
  161  13:54  Hydralisk  
  161  13:55  Hydralisk x8  
  167  13:56  Hydralisk x4  
  187  14:17  Baneling x2  
  187  14:18  Baneling x6  
  187  14:19  Baneling x4, Zergling x2  
  187  14:20  Zergling x14  
  187  14:21  Zergling x10  
Show
View Real Time Build Order
Export as new Build Order

scott Terran 

Build Orders: Reaper Expand, MMM Bio 

Get SALT Encoding   

  12  0:00  SCV  
  13  0:13  SCV  
  14  0:17  Supply Depot  
  14  0:25  SCV  
  15  0:39  SCV  
  15  0:40  Barracks  
  16  0:46  Refinery  
  16  0:51  SCV  
  17  1:04  SCV  
  18  1:16  SCV  
  19  1:29  Reaper  
  20  1:38  Command Center  
  20  1:43  Orbital Command  
  20  1:52  Refinery  
  20  2:02  Marine  
  21  2:11  Supply Depot  
  21  2:15  SCV  
  22  2:23  Factory  
  22  2:31  Barracks Reactor  
  22  2:46  Barracks  
  22  2:50  Orbital Command  
  22  2:54  Bunker  
  22  2:57  SCV  
  23  3:09  SCV  
  24  3:36  Barracks Tech Lab  
  23  3:43  Factory Tech Lab  
  23  3:47  Marine x2  
  25  3:53  Starport  
  26  3:55  SCV x2  
  26  4:00  Stimpack  
  26  4:02  Marauder  
  29  4:05  Siege Tank  
  29  4:07  SCV  
  29  4:08  SCV  
  34  4:19  Marine x2  
  34  4:21  SCV x2  
  34  4:24  Marauder  
  40  4:29  Starport Reactor  
  40  4:34  SCV x2  
  42  4:39  Supply Depot  
  42  4:42  Supply Depot  
  42  4:46  SCV x2  
  44  4:58  Engineering Bay  
  44  5:01  Supply Depot  
  44  5:08  Medivac x2  
  44  5:10  SCV x2  
  50  5:16  Refinery  
  50  5:19  Refinery  
  50  5:20  Marauder, Marine x2  
  54  5:22  Siege Tank  
  57  5:36  Supply Depot  
  57  5:38  Marine x2  
  57  5:41  Marauder  
  61  5:48  SCV x2  
  63  5:55  Marine x2  
  65  6:00  SCV x2  
  65  6:01  Concussive Shells  
  65  6:03  Marauder  
  58  6:13  SCV x2  
  58  6:14  Marine  
  58  6:15  Marine  
  62  6:23  Marine  
  62  6:25  SCV x2  
  65  6:32  Marine x2  
  61  6:41  Marine  
  58  6:50  Marine x2  
  50  6:59  Marine  
  51  7:08  Marine x2  
  53  7:17  Marauder  
  48  7:26  Marine  
  48  7:39  Marauder  
  48  7:40  SCV  
  48  7:41  SCV  
  52  7:44  Medivac x2  
  52  7:46  Combat Shields  
  52  7:48  Siege Tank  
  59  7:52  SCV  
  59  7:53  SCV  
  61  8:00  Marauder  
  61  8:01  Marine  
  61  8:04  SCV  
  65  8:11  SCV  
  66  8:16  SCV  
  67  8:20  Siege Tank  
  67  8:22  Marauder  
  67  8:23  SCV  
  69  9:00  SCV  
  69  9:01  SCV, Marauder, Siege Tank  
  76  9:05  Marine x2  
  78  9:12  Engineering Bay  
  78  9:18  Supply Depot  
  78  9:24  SCV x2  
  78  9:25  Marauder  
  82  9:32  Supply Depot  
  82  9:36  SCV x2  
  84  9:42  Supply Depot  
  84  9:46  Marauder, Barracks  
  86  9:56  Factory  
  86  10:00  Factory Reactor, SCV x2  
  87  10:07  Marauder  
  87  10:14  Supply Depot, SCV x2  
  89  10:19  Terran Infantry Weapons Level 1  
  91  10:35  Barracks Tech Lab  
  91  10:36  Supply Depot, Barracks  
  91  10:40  SCV x2  
  93  10:47  Widow Mine x2  
  97  10:50  Siege Tank  
  97  10:54  SCV  
  101  10:57  SCV  
  102  11:12  SCV x2  
  102  11:16  Widow Mine x2  
  108  11:23  Siege Tank  
  111  11:32  SCV x2  
  113  11:39  Command Center  
  113  11:43  Barracks Reactor  
  113  11:47  Supply Depot  
  113  12:10  Widow Mine x3  
  113  12:15  Marauder x2  
  123  12:20  Marine x2  
  125  12:25  Medivac x2  
  129  12:36  Marauder  
  133  12:37  Marauder  
  133  12:38  Marine  
  133  12:41  Refinery  
  134  12:50  Widow Mine  
  134  12:51  Marine  
  137  13:05  Refinery  
  137  13:12  Siege Tank  
  140  13:29  Orbital Command  
  140  13:32  SCV x2  
  142  13:36  Terran Infantry Armor Level 1  
  142  13:44  SCV, Siege Tank  
  142  13:48  Widow Mine  
  146  13:52  Supply Depot  
  146  13:53  Widow Mine  
  150  14:14  Supply Depot  
  150  14:16  Siege Tank  
  153  14:19  Armory  
  153  14:37  Supply Depot  
  153  14:48  Siege Tank  
  156  14:54  Marauder x2, Marine x3  
  156  14:55  Marine  
  164  15:02  Supply Depot  
  164  15:07  Engineering Bay  
  164  15:12  Marine x4  
  168  15:15  Marauder x2  
Tags
 
Add a new tag
Caveats
  • Supply blocks, unpowered buildings, or Contaminate may cause inaccurate times.
  • Supply counts are checked every 10 seconds.